 Dungeon Crawl Stone Soup version 0.18-a0-1692-g516f9e9 (webtiles) character file.

35 Eucla the Chucker (level 3, -5/33 HPs)
             Began as a Troll Arcane Marksman on Apr 5, 2016.
             Slain by Sigmund
             ... wielding a +0 scythe
              (10 damage)
             ... on level 2 of the Dungeon.
             The game lasted 00:02:16 (795 turns).

Eucla the Chucker (Troll Arcane Marksman)            Turns: 795, Time: 00:02:16

Health: -5/33      AC:  5    Str: 19    XL:     3   Next: 16%
Magic:  0/3        EV: 10    Int:  9    God:
Gold:   90         SH:  0    Dex: 10    Spells: 1 memorised, 3 levels left

rFire  . . .     SeeInvis .     (no weapon)
rCold  . . .     Gourm    +     a - +0 robe
rNeg   . . .     Faith    .     (no shield)
rPois  .         Spirit   +     (helmet restricted)
rElec  .         Dismiss  .     (no cloak)
rCorr  .         Reflect  .     (gloves unavailable)
SustAt .         Harm     .     (boots unavailable)
MR     .....                    n - amulet of guardian spirit
Stlth  +.........               (no ring)
                                (no ring)

@: confused, exhausted, slowed, very slow, not resistant to hostile
enchantments, very unstealthy
A: unfitting armour, claws 3, fast metabolism 3, gourmand, regeneration 2,
shaggy fur 1, tough skin 2
a: no special abilities


You were on level 2 of the Dungeon.
You were very full.

You visited 1 branch of the dungeon, and saw 2 of its levels.

You collected 90 gold pieces.

Inventory:

Missiles
 d - 2 throwing nets (quivered)
 p - 3 tomahawks
Armour
 a - a +0 robe (worn)
Jewellery
 n - an amulet of guardian spirit (around neck)
Scrolls
 h - 2 scrolls of identify {unknown}
 i - a scroll of immolation {unknown}
 k - 2 scrolls of amnesia {unknown}
 l - a scroll of enchant armour {unknown}
Potions
 e - a potion of invisibility {unknown}
 j - a potion of experience {unknown}
 q - a potion of cancellation {unknown}
Books
 b - a book of Debilitation

   Spells                             Type                      Level
   a - Corona                         Hexes                        1
   b - Slow                           Hexes                        2
   c - Gell's Gravitas                Hexes/Translocation          3
   d - Inner Flame                    Hexes/Fire                   3
   e - Cause Fear                     Hexes                        4
   f - Leda's Liquefaction            Hexes/Earth                  4
Comestibles
 f - 2 bread rations
 m - a royal jelly
 o - 3 chunks of flesh


   Skills:
 + Level 1.5 Fighting
 + Level 2.5 Throwing
 + Level 1.9 Dodging
 - Level 1.0 Spellcasting
 - Level 2.0 Hexes


You had 3 spell levels left.
You knew the following spells:

 Your Spells              Type           Power        Failure   Level  Hunger
a - Corona                Hex            #......      17%         1    ##.....


Dungeon Overview and Level Annotations

Branches:
Dungeon (2/15)

Altars:

Annotations:
D:2 Sigmund


Innate Abilities, Weirdness & Mutations

You are too large for most types of armour.
You have claws for hands.
Your metabolism is lightning-fast.
You like to eat raw meat.
You heal very quickly.
You are covered in fur (AC +1).
You have very tough skin (AC +2).


Message History

Unknown command.
You bump into the rock wall.
You feel a strong urge to attack something.
You hear some strange, mumbled words.
A puff of flame appears from out of thin air!
The puff of flame misses you.
You bump into the rock wall.
You hear some strange, mumbled words.
You are more confused.
Unknown command.
You bump into the rock wall.
You feel your anger subside.
You bump into the rock wall.
You are no longer berserk.
You are exhausted.
You feel yourself slow down. Something hits you!
* * * LOW HITPOINT WARNING * * *
Unknown command.
Something hits you!
You die...

ยงยงยงยง..#.##...(...
... .......#....(
...###.........(.
.................
.................
#...##.####.... #
#..#.### . #.{(..##
##@##..### #.......#
####....# ...# ###


There were no monsters in sight!

Vanquished Creatures
  An ooze (D:1)
  A worm (D:1)
  A giant gecko (D:1)
  A giant cockroach (D:1)
  3 goblins (D:1)
  3 hobgoblins (D:1)
  4 jackals (D:1)
  2 kobolds (D:1)
  2 ball pythons (D:1)
  4 bats (D:1)
  A giant newt (D:1)
  3 rats (D:1)
26 creatures vanquished.

Notes
Turn   | Place    | Note
--------------------------------------------------------------
     0 | D:1      | Eucla the Troll Arcane Marksman began the quest for the Orb.
     0 | D:1      | Reached XP level 1. HP: 18/18 MP: 1/1
     9 | D:1      | Reached skill level 1 in Fighting
    45 | D:1      | Reached XP level 2. HP: 27/27 MP: 2/2
   552 | D:1      | Reached XP level 3. HP: 33/33 MP: 3/3
   699 | D:2      | Noticed Sigmund
   795 | D:2      | Slain by Sigmund

Vault maps used:
D:1:      matt_arrival_grand_opening, kennysheep_boxes
D:2:      overflow_temple_1_default, grunt_dithmenos_smoke,
          grunt_temple_overflow_diamond, minivault_26, uniq_crazy_yiuf_cottage,
          uniq_iyjb, uniq_sigmund

Skill      XL: |  1 |
---------------+----+-----
Fighting       | 1 |  1.5
Throwing       | 2 |  2.5
Dodging        | |  1.9
Spellcasting   | |  1.0
Hexes          | |  2.0

Action                   || total
-------------------------++-------
Melee: Unarmed           ||    88
Throw: Large rock        ||     4
  Use: Potion            ||     1
  Eat: Chunk             ||    12
